 Dungeon Crawl Stone Soup version 0.17.0-27-g4a3f43e (console) character file.

22051 gw the Cleaver (level 12, 0/168 HPs)
             Began as a Deep Dwarf Artificer on Nov 21, 2015.
             Was a High Priest of Makhleb.
             Slain by a 20-headed hydra (6 damage)
             ... on level 15 of the Dungeon.
             The game lasted 00:12:09 (11739 turns).

gw the Cleaver (Deep Dwarf Artificer)              Turns: 11739, Time: 00:12:10

Health: 0/168      AC: 19    Str: 20    XL:     12   Next: 59%
Magic:  7/7        EV:  7    Int: 14    God:    Makhleb [*****.]
Gold:   762        SH:  0    Dex: 17    Spells: 0 memorised, 11 levels left

rFire  . . .     SeeInvis +     a - +3 battleaxe
rCold  + + .     Clarity  .     C - +0 plate armour
rNeg   + . .     SustAt   .     (shield currently unavailable)
rPois  +         Gourm    .     l - +0 helmet
rElec  .         Spirit   .     s - +0 cloak
rCorr  .         Warding  .     v - +0 pair of gloves
rMut   .         Stasis   .     (no boots)
MR     +....                    z - amulet "Wuynaaw" {+Rage rPois rC+ rN+}
Stlth  ..........               r - ring of see invisible
                                u - ring of protection from cold

@: berserking (expiring), non-regenerating, very quick, somewhat resistant to
hostile enchantments, extremely unstealthy
A: damage resistance, recharge devices, sense surroundings 2, slow regeneration
3
a: Device Recharging, Minor Destruction, Lesser Servant of Makhleb, Major
Destruction, Greater Servant of Makhleb, Renounce Religion, Evoke Berserk Rage


You were on level 15 of the Dungeon.
You worshipped Makhleb.
Makhleb was extremely pleased with you.
You were not hungry.

You visited 2 branches of the dungeon, and saw 14 of its levels.

You collected 762 gold pieces.

Inventory:

Hand Weapons
 a - a +3 battleaxe (weapon)
 b - a +0 arbalest of freezing
Missiles
 h - 115 bolts
 w - 21 bolts of penetration
 x - 8 bolts of frost
Armour
 l - a +0 helmet (worn)
 s - a +0 cloak (worn)
 v - a +0 pair of gloves (worn)
 C - a +0 plate armour (worn)
Jewellery
 r - a ring of see invisible (right hand)
 u - a ring of protection from cold (left hand)
 z - the amulet "Wuynaaw" (around neck) {+Rage rPois rC+ rN+}
   (You found it on level 10 of the Dungeon)

   [amulet of rage]

   It protects you from cold.
   It protects you from poison.
   It protects you from negative energy.
   It lets you go berserk.
Wands
 c - a wand of flame (10)
 d - a wand of enslavement (10)
 e - a wand of random effects (10)
 f - a wand of heal wounds (1)
 i - a wand of lightning (7)
 q - a wand of frost (18)
 y - a wand of draining (9)
 D - a wand of polymorph (8)
Scrolls
 n - 12 scrolls of identify
 o - 2 scrolls of remove curse
Potions
 B - 2 potions of curing
 F - a potion of might
Comestibles
 g - 14 bread rations
 k - a slice of pizza
 m - 8 beef jerkies
 p - 7 meat rations


   Skills:
 + Level 8.8 Fighting
   Level 0.8 Short Blades
 * Level 14.1 Axes
 + Level 2.3 Crossbows
 + Level 10.3 Armour
 - Level 2.1 Dodging
 - Level 1.2 Stealth
 + Level 11.8 Invocations
 - Level 4.2 Evocations


You had 11 spell levels left.
You didn't know any spells.

Dungeon Overview and Level Annotations

Branches:
Dungeon (15/15)            Temple (1/1) D:4            Lair (0/8) D:11
    Orc (0/4) D:11
 Vaults: D:13-14     Depths: D:15

Altars:
Ashenzari
Cheibriados
Dithmenos
Elyvilon
Fedhas
Gozag
Kikubaaqudgha
Makhleb
Nemelex Xobeh
Okawaru
Qazlal
Ru
Sif Muna
Trog
Vehumet
Xom
Yredelemnul
Zin
The Shining One

Shops:
D:6 ??**   D:9 :}   D:14 }

Annotations:
D:3 Grinder


Innate Abilities, Weirdness & Mutations

You are resistant to damage.
You can recharge devices by infusing magical energy.
You passively map the area around you.
You do not regenerate naturally.


Message History

The 18-headed hydra completely misses you.
The 18-headed hydra bites you but does no damage.
The 18-headed hydra bites you!
The 18-headed hydra bites you but does no damage. x2
ATTACK MOVE TO (0,-1)
You lop one of the 18-headed hydra's heads off!
The 17-headed hydra grows two more!
You slice the 19-headed hydra!!
The 19-headed hydra is heavily wounded.
ATTACK MOVE TO (0,-1)
You lop one of the 19-headed hydra's heads off!
The 18-headed hydra grows two more!
You slice the 20-headed hydra!!
The 20-headed hydra is severely wounded.
The 20-headed hydra bites you but does no damage. x2
The 20-headed hydra bites you. The 20-headed hydra closely misses you.
The 20-headed hydra bites you. x2
The 20-headed hydra bites you but does no damage. x2
The 20-headed hydra barely misses you. x2
The 20-headed hydra bites you but does no damage. x6
The 20-headed hydra bites you!
You die...

#.....# * ** #...###
,####### * ** #..##
#########...).##. #..#
##....)...[.))D¤.( ,,
#..# #.<.######...)...#
#).# #..## ######### #..#
#..### ### #..###D..(####
###..
##.....g......######....
##........#####..........
##.........# ##......###
#.....)....## ##..#### #
#..###..##..## #### #
##.# #..###..## ##### #
#.# #..# ##..###...## #
#.# #..# ##........## #
#.# ##.# ##........# #


You could see a 20-headed hydra.

Table legend:
 A = Turns spent in this place as a percentage of turns spent in the entire game.
 B = Non-inter-level travel turns spent in this place as a percentage of non-inter-level travel turns spent in the entire game.
 C = Inter-level travel turns spent in this place as a percentage of turns spent in this place.
 D = Turns resting spent in this place as a percentage of non-inter-level travel turns spent in this place.
 E = Turns spent auto-exploring this place as a percentage of non-inter-level travel turns spent in this place.
 F = Non-inter-level travel turns spent in this place divided by the number of levels of this place that you've seen.
                   A       B       C       D       E      F
               +-------+-------+-------+-------+-------+----------------------
         Total | 100.0 | 100.0 |   0.4 |   0.2 |   2.0 | 1767.1
       Dungeon |  99.6 |  99.6 |   0.4 |   0.2 |   2.0 | 1894.8
        Temple |   0.4 |   0.4 |   0.9 |   0.0 |   2.8 | 107.0
               +-------+-------+-------+-------+-------+----------------------

Table legend:
 A = Kills in this place as a percentage of kills in entire the game.
 B = Kills by you in this place as a percentage of kills by you in the entire game.
 C = Kills by friends in this place as a percentage of kills by friends in the entire game.
 D = Other kills in this place as a percentage of other kills in the entire game.
 E = Experience gained in this place as a percentage of experience gained in the entire game.
 F = Experience gained in this place divided by the number of levels of this place that you have seen.
                   A       B       C       D       E      F
               +-------+-------+-------+-------+-------+----------------------
         Total | 100.0 | 100.0 | 100.0 |  -nan | 100.0 | 2250.1
       Dungeon | 100.0 | 100.0 | 100.0 |  -nan | 100.0 | 2423.2
               +-------+-------+-------+-------+-------+----------------------

Vanquished Creatures
  A hydra (D:11)
  A catoblepas (D:15)
  An ogre mage (D:15)
  A death yak (D:11)
  A tengu warrior (D:14)
  An unseen horror (D:15)
  A hill giant (D:10)
  12 ugly things
  A griffon (D:14)
  Maurice (D:10)
  Psyche (D:8)
  A tengu conjurer (D:14)
  2 trolls
  A wyvern (D:8)
  A wraith (D:11)
  A shadow (D:15)
  9 yaks
  A hungry ghost (D:11)
  A hippogriff (D:14)
  Grum (D:10)
  2 steam dragons (D:8)
  2 wolves (D:10)
  Edmund (D:6)
  A water moccasin (D:8)
  2 orc warriors
  A porcupine (D:11)
  A wasp (D:8)
  5 sky beasts
  3 phantoms
  A necrophage (D:8)
  11 ogres
  A crocodile (D:8)
  2 centaurs
  A big kobold (D:10)
  3 giant frogs
  3 scorpions
  11 wights
  An electric eel (D:11)
  10 killer bees
  A quasit (D:8)
  4 crimson imps
  A giant frog zombie (D:9)
  2 centaur zombies
  5 orc priests
  3 hounds
  2 jellies
  A centaur skeleton (D:7)
  A gnoll shaman (D:5)
  3 orc wizards
  Jessica (D:2)
  5 iguanas
  7 worker ants
  A hound skeleton (D:4)
  10 adders
  10 gnolls
  2 worker ant zombies (D:10)
  4 river rats
  6 shadow imps
  An ooze (D:7)
  An adder zombie (D:5)
  An adder skeleton (D:8)
  3 worms
  7 giant geckos
  26 orcs
  9 giant cockroaches
  8 goblins
  4 hobgoblins
  17 jackals
  15 kobolds
  3 quokkas
  9 bats
  2 giant gecko zombies (D:5)
  5 giant newts
  2 jackal skeletons
  A jackal zombie (D:8)
  A quokka skeleton (D:7)
  10 rats
296 creatures vanquished.

Vanquished Creatures (collateral kills)
  The ghost of ces the Covert, a journeyman SpAs of Okawaru (D:14)
  A death yak (D:11)
  The ghost of gw the Slicer, a journeyman VSBe of Trog (D:11)
  A hill giant (D:11)
  A cyclops (D:14)
  An ugly thing (D:10)
  A two-headed ogre (D:15)
  A deep elf mage (D:14)
  A wyvern (D:10)
  A porcupine (D:11)
  A wasp (D:10)
  A centaur (D:10)
  An ogre (D:15)
  A giant frog (D:14)
  A wight (D:14)
  3 killer bees (D:10)
  A quasit (D:11)
  A sheep (D:11)
  A gnoll (D:5)
  A jackal (D:11)
22 creatures vanquished.

Vanquished Creatures (others)
  A jelly (D:6)
  A fungus (D:8)
2 creatures vanquished.

Grand Total: 320 creatures vanquished

Notes
Turn   | Place    | Note
--------------------------------------------------------------
     0 | D:1      | gw the Deep Dwarf Artificer began the quest for the Orb.
     0 | D:1      | Reached XP level 1. HP: 16/16 MP: 3/3
   161 | D:1      | Reached skill level 1 in Fighting
   238 | D:1      | Reached XP level 2. HP: 22/25 MP: 5/5
   305 | D:1      | Reached skill level 1 in Armour
   564 | D:1      | Reached skill level 1 in Axes
   730 | D:1      | Reached XP level 3. HP: 16/31 MP: 6/6
  1092 | D:2      | Found a shattered altar of Ashenzari.
  1218 | D:2      | Noticed Jessica
  1220 | D:2      | Killed Jessica
  1316 | D:2      | Reached XP level 4. HP: 32/39 MP: 7/7
  1615 | D:2      | Found a bloodstained altar of Trog.
  1619 | D:2      | Found an opulent altar of Gozag.
  1795 | D:3      | Found a snail-covered altar of Cheibriados.
  1983 | D:3      | Noticed Grinder
  2406 | D:4      | Found a staircase to the Ecumenical Temple.
  2411 | Temple   | Entered the Ecumenical Temple
  2468 | Temple   | Became a worshipper of Makhleb the Destroyer
  2648 | D:4      | Found a stormy altar of Qazlal.
  2720 | D:4      | Found a radiant altar of Vehumet.
  2794 | D:4      | Reached XP level 5. HP: 46/46 MP: 7/7
  2823 | D:4      | Reached skill level 1 in Invocations
  2857 | D:4      | Noticed an ogre
  2864 | D:4      | Killed an ogre
  2868 | D:4      | Reached XP level 6. HP: 30/55 MP: 8/8
  3662 | D:5      | Entered Level 5 of the Dungeon
  3881 | D:5      | Reached XP level 7. HP: 44/62 MP: 8/8
  3924 | D:5      | Reached skill level 5 in Axes
  4014 | D:5      | Found a shadowy altar of Dithmenos.
  4152 | D:5      | Found a sacrificial altar of Ru.
  4201 | D:5      | Reached * piety under Makhleb
  4510 | D:5      | Found a white marble altar of Elyvilon.
  4788 | D:5      | Found a glowing golden altar of the Shining One.
  4874 | D:6      | Noticed Edmund
  4937 | D:6      | Killed Edmund
  4937 | D:6      | Reached skill level 6 in Axes
  4937 | D:6      | Reached XP level 8. HP: 42/72 MP: 7/7
  4992 | D:6      | Found Xoolevia's Magic Scroll Emporium.
  5019 | D:6      | Found Pouseeryext's Magic Scroll Shoppe.
  5151 | D:6      | Found Soocohik's Assorted Antiques.
  5170 | D:6      | Found Atzoczoo's Assorted Antiques.
  5206 | D:6      | Reached ** piety under Makhleb
  5290 | D:6      | Reached skill level 5 in Invocations
  5795 | D:7      | Reached skill level 7 in Axes
  5806 | D:7      | Reached skill level 5 in Armour
  6267 | D:7      | Gained mutation: You passively map the area around you. [Deep Dwarf growth]
  6267 | D:7      | Reached XP level 9. HP: 50/80 MP: 8/8
  6339 | D:7      | Found a shimmering altar of Xom.
  6552 | D:8      | Noticed Psyche
  6569 | D:8      | Killed Psyche
  6569 | D:8      | Reached skill level 5 in Fighting
  6569 | D:8      | Reached skill level 8 in Axes
  6687 | D:8      | Reached *** piety under Makhleb
  6831 | D:8      | Paralysed by a wasp for 1 turns
  6833 | D:8      | Reached skill level 9 in Axes
  7222 | D:9      | Found Saeto's Book Shop.
  7263 | D:9      | Found a basalt altar of Yredelemnul.
  7354 | D:9      | Reached XP level 10. HP: 69/91 MP: 7/7
  7418 | D:9      | Found Ilyeteam's Gadget Emporium.
  7483 | D:9      | Reached skill level 10 in Axes
  7579 | D:9      | Reached **** piety under Makhleb
  8069 | D:9      | Gained mutation: Your muscles are strong. (Str +2) [potion of mutation]
  8069 | D:9      | Gained mutation: You are partially covered in iridescent scales (AC +4). [potion of mutation]
  8069 | D:9      | Gained mutation: You are resistant to electric shocks. [potion of mutation]
  8115 | D:10     | Entered Level 10 of the Dungeon
  8136 | D:10     | Noticed Grum
  8154 | D:10     | Killed Grum
  8172 | D:10     | Noticed a white ugly thing
  8184 | D:10     | Killed a white ugly thing
  8334 | D:10     | Noticed a hill giant
  8340 | D:10     | Killed a hill giant
  8340 | D:10     | Reached skill level 11 in Axes
  8428 | D:10     | Got a steaming ruby amulet
  8431 | D:10     | Identified the amulet "Wuynaaw" {+Rage rPois rC+ rN+} (You found it on level 10 of the Dungeon)
  8674 | D:10     | Noticed Maurice
  8700 | D:10     | Killed Maurice
  9160 | D:11     | Found a staircase to the Orcish Mines.
  9170 | D:11     | Noticed a brown ugly thing
  9180 | D:11     | Killed a brown ugly thing
  9180 | D:11     | Reached XP level 11. HP: 100/100 MP: 10/10
  9400 | D:11     | Noticed a four-headed hydra
  9417 | D:11     | Killed a 13-headed hydra
  9557 | D:11     | Noticed a death yak
  9559 | D:11     | Noticed a death yak
  9579 | D:11     | Killed a death yak
  9579 | D:11     | Reached skill level 12 in Axes
  9613 | D:11     | Killed a death yak
  9613 | D:11     | Reached skill level 10 in Invocations
  9651 | D:11     | Found a staircase to the Lair.
  9676 | D:11     | Reached ***** piety under Makhleb
  9702 | D:11     | Noticed a hill giant
  9706 | D:11     | Killed a hill giant
  9720 | D:11     | Noticed gw's ghost (journeyman VSBe)
  9732 | D:11     | Killed gw's ghost
 10211 | D:11     | You fall through a shaft for 3 floors!
 10286 | D:14     | Noticed ces's ghost (journeyman SpAs)
 10333 | D:14     | Killed ces's ghost
 10333 | D:14     | Reached skill level 13 in Axes
 10514 | D:14     | Reached XP level 12. HP: 110/110 MP: 11/11
 10679 | D:14     | Noticed a tengu warrior
 10698 | D:14     | Killed a tengu warrior
 10863 | D:14     | Found Pups's Quality Used Wands.
 10901 | D:14     | Reached skill level 1 in Crossbows
 10901 | D:14     | Reached skill level 10 in Armour
 11170 | D:14     | Lost mutation: Your muscles are strong. (Str +2) [potion of cure mutation]
 11170 | D:14     | Lost mutation: You are resistant to electric shocks. [potion of cure mutation]
 11170 | D:14     | Lost mutation: You are partially covered in iridescent scales (AC +4). [potion of cure mutation]
 11201 | D:15     | Entered Level 15 of the Dungeon
 11315 | D:15     | Noticed a catoblepas
 11441 | D:15     | Killed a catoblepas
 11441 | D:15     | Reached skill level 14 in Axes
 11628 | D:15     | Noticed an ogre mage
 11636 | D:15     | Killed an ogre mage
 11644 | D:15     | Noticed a seven-headed hydra
 11739 | D:15     | HP: 8/168 [20-headed hydra (2)]
 11739 | D:15     | Slain by a 20-headed hydra

Action                   |  1- 3 |  4- 6 |  7- 9 | 10-12 || total
-------------------------+-------+-------+-------+-------++-------
Melee: Short sword       |    17 |       |       |       ||    17
       Hand axe          |   103 |   368 |   480 |       ||   951
       Battleaxe         |       |       |   207 |   449 ||   656
 Fire: Arbalest          |       |       |       |    10 ||    10
Invok: Minor Destruction |       |       |    77 |   132 ||   209
       Lesser Servant of |       |       |       |     7 ||     7
 Abil: Device Recharging |       |     2 |     6 |     5 ||    13
       Evoke Berserk Rag |       |       |       |    13 ||    13
Evoke: Wand              |     4 |    18 |    34 |    20 ||    76
  Use: Scroll            |     3 |     8 |     3 |     7 ||    21
       Potion            |       |     8 |     3 |     7 ||    18
 Stab: Sleeping          |     4 |     1 |       |       ||     5
       Invisible         |       |       |     2 |       ||     2
       Distracted        |       |       |       |     3 ||     3
  Eat: Chunk             |     2 |    11 |    11 |    19 ||    43
       Bread ration      |       |       |     1 |       ||     1
       Fruit             |       |       |       |     8 ||     8
       Pizza             |       |       |       |     2 ||     2

Vault maps used:
D:1:      lemuel_arrival_river_ford
D:2:      nicolae_overflow_crystal_walls, minitemple, uniq_jessica
D:3:      cheibriados_altar_wand_db, uniq_grinder
D:4:      wad_woods_settlement, lemuel_round_altar, old_standard_altar,
          minmay_temple_entry_overgrown
D:5:      marbit_many_paths, nicolae_tso_swordbearing_angel,
          lemuel_doored_altar, kennysheep_little_box, first_bread
D:6:      gup_sewer_entry_bowl, serial_shops,
          nicolae_shop_competitors_out_of_business, shop_coins, shop_fountains,
          shop, uniq_edmund
D:7:      tgw_xom, minivault_22, grunt_ogre_cave
D:8:      kennysheep_steamy, uniq_psyche
D:9:      lemuel_crystal_altar, serial_shops, nicolae_shop_crystal,
          shop_fountains
D:10:     glass_columns_a, uniq_maurice, uniq_grum
D:11:     dpeg_lair_monsters, minmay_crystal_water, minivault_25_ag,
          grunt_ministairs_14
D:14:     minmay_misc_feat_x, nicolae_for_you_no_charge
D:15:     grunt_enter_depths_hoard
Temple:   minmay_temple_bridge_d_8
